 Dungeon Crawl Stone Soup version 0.26-a0-683-g5206c1d7ac (webtiles) character file.

Game seed: 12579595364769297271

1766 robertstho the Magician (level 9, -6/65 HPs)
             Began as a Gnoll Fire Elementalist on Oct 22, 2020.
             Was an Initiate of Sif Muna.
             Blown up by Pikel (23 damage)
             ... with a disintegration bolt
             ... on level 8 of the Dungeon.
             The game lasted 00:13:15 (8304 turns).

robertstho the Magician (Gnoll Fire Elementalist)   Turns: 8304, Time: 00:13:15

Health: -6/65      AC:  3    Str: 11    XL:     9   Next: 7%
Magic:  12/18      EV: 16    Int: 21    God:    Sif Muna [......]
Gold:   253        SH:  0    Dex: 15    Spells: 2/20 levels left

rFire    . . .     SeeInvis .   A - +1 short sword (venom)
rCold    . . .     Faith    .   (no shield)
rNeg     . . .     Spirit   .   a - +0 robe
rPois    .         Reflect  .   (no helmet)
rElec    .         Harm     .   c - scarf {+Inv}
rCorr    .         Rampage  .   (no gloves)
MR       .....                  r - +0 pair of boots
Stlth    +++.......             (no amulet)
HPRegen  0.20/turn              (no ring)
MPRegen  0.16/turn              (no ring)

@: sluggish, very slightly contaminated, very slow
A: distributed training, fangs 1, strong nose
a: Renounce Religion, Evoke Invisibility


You were on level 8 of the Dungeon.
You worshipped Sif Muna.
Sif Muna was noncommittal.
You visited 2 branches of the dungeon, and saw 9 of its levels.

You collected 481 gold pieces.
You spent 228 gold pieces at shops.

Inventory:

Hand Weapons
 f - a +0 short sword
 A - a +1 short sword of venom (weapon)
 B - a +4 dire flail of protection
Missiles
 C - 48 poisoned darts (quivered)
Armour
 a - a +0 robe (worn)
 c - a scarf of invisibility (worn)
 r - a +0 pair of boots (worn)
Wands
 w - a wand of digging (5)
Scrolls
 b - a scroll of remove curse
 g - 5 scrolls of enchant armour
 i - 2 scrolls of fear {unknown}
 j - 3 scrolls of teleportation {unknown}
 l - 2 scrolls of enchant weapon {unknown}
 m - 2 scrolls of immolation {unknown}
 n - a scroll of random uselessness {unknown}
 p - a scroll of fog
 v - 6 scrolls of magic mapping
 F - a scroll of blinking
 G - a scroll of summoning
Potions
 e - a potion of invisibility
 k - 4 potions of flight
 o - a potion of haste
 q - 5 potions of curing
 s - a potion of lignification
 u - a potion of stabbing
 z - 2 potions of might
 E - a potion of resistance


   Skills:
 + Level 3.8 Fighting
 + Level 3.8 Short Blades
 + Level 3.8 Long Blades
 + Level 3.8 Axes
 + Level 3.8 Maces & Flails
 + Level 3.8 Polearms
 + Level 3.8 Staves
 + Level 3.8 Slings
 + Level 3.8 Bows
 + Level 3.8 Crossbows
 + Level 3.8 Throwing
 + Level 3.8 Armour
 + Level 6.0 Dodging
 + Level 5.7 Stealth
 + Level 3.8 Shields
 + Level 3.8 Unarmed Combat
 + Level 6.4 Spellcasting
 + Level 3.9 Conjurations
 + Level 3.1 Hexes
 + Level 3.1 Summonings
 + Level 3.1 Necromancy
 + Level 3.1 Translocations
 + Level 3.1 Transmutations
 + Level 6.3 Fire Magic
 + Level 3.1 Ice Magic
 + Level 3.1 Air Magic
 + Level 3.1 Earth Magic
 + Level 3.1 Poison Magic
 + Level 4.2 Invocations
 + Level 3.8 Evocations


You had 2 spell levels left.
You knew the following spells:

 Your Spells              Type           Power        Failure   Level
a - Foxfire               Conj/Fire      ####         1%          1
b - Conjure Flame         Conj/Fire      ####....     3%          3
c - Sticky Flame          Conj/Fire      ####....     11%         4
d - Fireball              Conj/Fire      ####......   30%         5
e - Swiftness             Air            ###.....     3%          2
f - Static Discharge      Conj/Air       ###.....     7%          3

Your spell library contained the following spells:

 Spells                   Type           Power        Failure   Level
 Shock                    Conj/Air       ###.         2%          1
 Inner Flame              Hex/Fire       ####....     4%          3
 Airstrike                Air            ###.......   26%         4
 Lightning Bolt           Conj/Air       ###.......   52%         5


Dungeon Overview and Level Annotations

Branches:
Dungeon (8/15)             Temple (1/1) D:6
   Lair: D:8-11

Altars:
Ashenzari
Cheibriados
Elyvilon
Fedhas
Gozag
Hepliaklqana
Kikubaaqudgha
Nemelex Xobeh
Okawaru
Qazlal
Ru
Sif Muna
Trog
Uskayaw
Vehumet
Wu Jian
Yredelemnul
Zin
The Shining One

Shops:
D:8 ?

Annotations:
D:3 2 runed translucent doors, mammut's ghost, amateur PaAM
D:5 exclusion: oklob plant
D:8 Pikel


Innate Abilities, Weirdness & Mutations

Your experience applies equally to all skills.
You have very sharp teeth.
Your uncanny sense of smell can sniff out nearby items.


Message History

There is a sudden and violent explosion of flames!
* * * LOW HITPOINT WARNING * * *
Unknown command.
You feel much better.
You start to feel a little slower.
Evoke which item? (* to show all) (? for menu, Esc to quit)
Press: ? - help, Shift-Dir - straight line, p - adder A rock wall.
The rock shatters into small pieces.
The lemure completely misses you.
You feel sluggish.
Pikel zaps a wand.
You are blasted!
* * * LOW HITPOINT WARNING * * *
Evoke which item? (* to show all) (? for menu, Esc to quit)
Press: ? - help, Shift-Dir - straight line A rock wall.
The rock shatters into small pieces.
Unknown command.
Pikel zaps a wand.
You are blasted!
You die...

#......5.5.# ..
##.#.######.# ...#...5#
#.# ..S.....# #[#
......55# #K# ......#K#
#5# ...##.#.# #.# ...
#.#.# #.# ## ##+#@#
#<######## ##....#
##5##.....# ##.....##
##5Z.#.###.#
#.......###.###..###.#
#.........##5# #....#.##
+.........'Z.###........
#.........###.....#.#.##
##.......## ###.#.#.#.#
##.....## ###.....#


You could see Pikel and 3 lemures.

Vanquished Creatures
  Edmund (D:6)
  5 ogres
  A big kobold (D:7)
  5 bullfrogs
  3 scorpions
  A bullfrog zombie (D:5)
  An orc priest (D:6)
  A hound (D:4)
  A bullfrog skeleton (D:4)
  2 centaur skeletons (D:5)
  3 orc wizards
  Ijyb (D:4)
  An iguana (D:4)
  3 worker ants
  2 hound skeletons (D:6)
  Robin (D:4)
  6 gnolls
  8 adders
  5 white imps
  An ooze (D:1)
  An adder zombie (D:6)
  3 adder skeletons
  A worm (D:5)
  A dart slug (D:1)
  2 leopard geckos
  7 orcs
  4 bats
  3 giant cockroaches
  11 goblins
  8 hobgoblins
  7 jackals
  13 kobolds
  2 quokkas
  4 ball pythons
  6 frilled lizards
  A quokka skeleton (D:4)
  8 rats
134 creatures vanquished.

Vanquished Creatures (others)
  361 foxfires
361 creatures vanquished.

Grand Total: 495 creatures vanquished

Notes
Turn   | Place    | Note
-------+----------+-------------------------------------------
     0 | D:1      | robertstho the Gnoll Fire Elementalist began the quest for
                  | the Orb.
     0 | D:1      | Reached XP level 1. HP: 13/13 MP: 6/6
   404 | D:1      | Reached XP level 2. HP: 19/19 MP: 4/7
   790 | D:1      | Reached XP level 3. HP: 24/25 MP: 5/9
   837 | D:1      | Reached skill level 5 in Spellcasting
  1084 | D:2      | You fall into a shaft and drop 1 floor!
  1132 | D:3      | Reached skill level 1 in Invocations
  1242 | D:3      | Found a runed translucent door.
  1242 | D:3      | Noticed mammut's ghost (amateur PaAM)
  1242 | D:3      | Noticed a bullfrog
  1257 | D:3      | Found a runed translucent door.
  1436 | D:2      | Reached skill level 1 in Fighting
  1436 | D:2      | Reached skill level 1 in Short Blades
  1436 | D:2      | Reached skill level 1 in Long Blades
  1436 | D:2      | Reached skill level 1 in Axes
  1436 | D:2      | Reached skill level 1 in Maces & Flails
  1436 | D:2      | Reached skill level 1 in Polearms
  1436 | D:2      | Reached skill level 1 in Staves
  1436 | D:2      | Reached skill level 1 in Slings
  1436 | D:2      | Reached skill level 1 in Bows
  1436 | D:2      | Reached skill level 1 in Crossbows
  1436 | D:2      | Reached skill level 1 in Throwing
  1436 | D:2      | Reached skill level 1 in Armour
  1436 | D:2      | Reached skill level 1 in Shields
  1436 | D:2      | Reached skill level 1 in Unarmed Combat
  1436 | D:2      | Reached skill level 1 in Evocations
  1445 | D:2      | Reached XP level 4. HP: 29/32 MP: 0/11
  1834 | D:2      | Reached skill level 1 in Hexes
  1834 | D:2      | Reached skill level 1 in Summonings
  1834 | D:2      | Reached skill level 1 in Necromancy
  1834 | D:2      | Reached skill level 1 in Translocations
  1834 | D:2      | Reached skill level 1 in Transmutations
  1834 | D:2      | Reached skill level 1 in Ice Magic
  1834 | D:2      | Reached skill level 1 in Air Magic
  1834 | D:2      | Reached skill level 1 in Earth Magic
  1834 | D:2      | Reached skill level 1 in Poison Magic
  1839 | D:2      | Learned a level 3 spell: Conjure Flame
  1844 | D:2      | Learned a level 4 spell: Sticky Flame
  2618 | D:3      | Reached XP level 5. HP: 27/37 MP: 4/12
  2759 | D:3      | Found a snail-covered altar of Cheibriados.
  3572 | D:4      | Reached XP level 6. HP: 44/44 MP: 9/13
  3884 | D:4      | Found a sacrificial altar of Ru.
  3978 | D:4      | Noticed Robin
  3996 | D:4      | Killed Robin
  4104 | D:4      | Noticed Ijyb
  4110 | D:4      | Killed Ijyb
  4110 | D:4      | Reached skill level 5 in Dodging
  4207 | D:5      | Entered Level 5 of the Dungeon
  4252 | D:5      | Got a jewelled war axe
  4252 | D:5      | Identified the +2 war axe of Seuwubes {antimagic, Int+3}
                  | (You found it on level 5 of the Dungeon)
  4463 | D:5      | Reached XP level 7. HP: 44/50 MP: 0/15
  5468 | D:5      | Found a blossoming altar of Fedhas.
  5479 | D:5      | Noticed an oklob plant
  5750 | D:6      | Reached skill level 5 in Stealth
  5768 | D:6      | Noticed Edmund
  6073 | D:6      | Found a hide-covered altar of Uskayaw.
  6077 | D:6      | Killed Edmund
  6077 | D:6      | Reached XP level 8. HP: 37/57 MP: 2/16
  6402 | D:6      | Found a glowing silver altar of Zin.
  6518 | D:6      | Found a staircase to the Ecumenical Temple.
  6634 | Temple   | Entered the Ecumenical Temple
  6641 | Temple   | Became a worshipper of Sif Muna the Loreminder
  6767 | D:7      | Found a stormy altar of Qazlal.
  7266 | D:8      | Learned a level 5 spell: Fireball
  7269 | D:8      | Learned a level 2 spell: Swiftness
  7273 | D:8      | Learned a level 3 spell: Static Discharge
  7344 | D:7      | Found a white marble altar of Elyvilon.
  7988 | D:8      | Found a snail-covered altar of Cheibriados.
  8008 | D:8      | Reached XP level 9. HP: 65/65 MP: 18/18
  8049 | D:8      | Found Lyujier's Magic Scroll Boutique.
  8055 | D:8      | Bought a scroll of identify for 24 gold pieces
  8055 | D:8      | Bought a scroll of remove curse for 36 gold pieces
  8055 | D:8      | Bought a scroll of enchant armour for 90 gold pieces
  8055 | D:8      | Bought a scroll of amnesia for 42 gold pieces
  8055 | D:8      | Bought a scroll of identify for 24 gold pieces
  8055 | D:8      | Bought a scroll of noise for 12 gold pieces
  8173 | D:8      | Found an iron altar of Okawaru.
  8262 | D:8      | Noticed Pikel
  8304 | D:8      | Blown up by Pikel

Illustrated notes

Levels and vault maps discovered:
D:1:      dpeg_arrival_fog, layout_loops_corners
D:2:      layout_basic, minmay_pentomino_u2
D:3:      layout_loops_ring, ebering_ghost_sewer_f, cheibriados_altar_1
D:4:      layout_gridville, chequers_decorated_corner, nicolae_ru_path_of_blood,
          uniq_robin, uniq_ijyb
D:5:      layout_loops_ring, tgw_fedhas
D:6:      layout_basic, eat_drink_and_be_merry_uskayaw, zin_scriptorium,
          minmay_temple_entry_fiery, uniq_edmund
D:7:      layout_basic, kennysheep_mini, nicolae_qazlal_general_emergency,
          hangedman_abyss_or_decor_stagger
D:8:      layout_loops_corners, grunt_dithmenos_smoke_and_mirrors,
          overflow_temple_1_default, basic_altar, nicolae_sextant,
          kennysheep_small_square, uniq_pikel
Temple:   nicolae_temple_no_exploring_needed

Skill      XL: |  1  2  3  4  5  6  7  8 |
---------------+-------------------------+-----
Conjurations   | 2 3 |  3.9
Spellcasting   | 5 6 |  6.4
Invocations    | 1 2 3 4 |  4.2
Fighting       | 1 2 3 |  3.8
Short Blades   | 1 2 3 |  3.8
Long Blades    | 1 2 3 |  3.8
Axes           | 1 2 3 |  3.8
Maces & Flails | 1 2 3 |  3.8
Polearms       | 1 2 3 |  3.8
Staves         | 1 2 3 |  3.8
Slings         | 1 2 3 |  3.8
Bows           | 1 2 3 |  3.8
Crossbows      | 1 2 3 |  3.8
Throwing       | 1 2 3 |  3.8
Armour         | 1 2 3 |  3.8
Shields        | 1 2 3 |  3.8
Unarmed Combat | 1 2 3 |  3.8
Evocations     | 1 2 3 |  3.8
Hexes          | 1 2 3 |  3.1
Summonings     | 1 2 3 |  3.1
Necromancy     | 1 2 3 |  3.1
Translocations | 1 2 3 |  3.1
Transmutations | 1 2 3 |  3.1
Ice Magic      | 1 2 3 |  3.1
Air Magic      | 1 2 3 |  3.1
Earth Magic    | 1 2 3 |  3.1
Poison Magic   | 1 2 3 |  3.1
Dodging        | 5 6 |  6.0
Stealth        | 5 |  5.7
Fire Magic     | 6 |  6.3

Action                   |  1- 3 |  4- 6 |  7- 9 || total
-------------------------+-------+-------+-------++-------
Melee: Short sword       |     9 |    18 |   102 ||   129
       Bite              |     1 |       |     7 ||     8
       Punch             |       |       |     2 ||     2
 Cast: Foxfire           |    61 |   113 |    59 ||   233
       Sticky Flame      |       |     3 |    21 ||    24
       Fireball          |       |       |     1 ||     1
       Swiftness         |       |       |     1 ||     1
Evoke: Wand              |       |       |     2 ||     2
  Use: Potion            |       |       |     3 ||     3
       Scroll            |       |       |    13 ||    13
 Stab: Sleeping          |       |       |     3 ||     3
Armor: Robe              |     2 |     5 |    18 ||    25
Dodge: Dodged            |    15 |    46 |   110 ||   171

Table legend: (Time is in decaauts)
 A = Elapsed time spent in this place.
 B = Non-inter-level travel time spent in this place.
 C = Inter-level travel time spent in this place.
 D = Time resting spent in this place.
 E = Time spent auto-exploring this place.
 F = Levels seen in this place.
 G = Mean time per level.
                   A        B        C        D        E       F      G
               +--------+--------+--------+--------+--------+-----+--------+
         Total |   8296 |   7902 |    394 |    808 |   6003 |   9 |  921.8 |
       Dungeon |   8282 |   7896 |    386 |    808 |   6003 |   8 | 1035.2 |
        Temple |     14 |      7 |      7 |      0 |      0 |   1 |   14.0 |
               +--------+--------+--------+--------+--------+-----+--------+

Top non-repeatable levels by time:
     D:5: 1637 daAuts
     D:2: 1258 daAuts
     D:7: 1118 daAuts
     D:1: 1074 daAuts
     D:4: 965 daAuts
     D:3: 910 daAuts
     D:6: 837 daAuts
     D:8: 480 daAuts
  Temple: 14 daAuts
